AoeStats
← Nawelson

Arabia

510188888Analyzed
1v1 RM · 2d ago on Sep 29, 2026· 34m 40s· 2 players
Game mode
Random Map
Map size
Tiny (2 player)
Population
200
Speed
Normal
Resources
Standard
Victory
Conquest
Starting age
Dark Age
Ending age
Imperial Age
RankedLock teamsTeams togetherTeam positionsShared explorationLock speedFull tech treeHidden civsTurbo modeCheats
Victory
Defeat
🇨🇳 Lithuanians · China
1697
+15
🇦🇷 Chinese · Argentina
1665
-15
Nawelson
0:26 Loom
8:30 Feudal Age
9:08 Double-Bit Axe
10:38 Horse Collar
18:53 Castle Age
17:42 Bloodlines
17:41 Gold Mining
18:03 Bloodlines
18:27 Forging
18:33 Scale Barding Armor
19:05 Light Cavalry
22:06 Husbandry
23:21 Town Watch
25:18 Chain Barding Armor
26:01 Wheelbarrow
27:08 Heavy Plow
28:14 Forging
28:14 Pikeman
28:54 Squires
28:53 Fletching
29:04 Scale Mail Armor
29:38 Bow Saw
29:40 Bodkin Arrow
29:28 Crossbowman
30:24 Padded Archer Armor
31:19 Thumb Ring
31:51 Hand Cart
32:03 Leather Archer Armor
32:54 Ballistics
33:53 Chain Mail Armor
34:32 Thumb Ring
King-WzRun
6:16 Loom
8:35 Feudal Age
10:20 Horse Collar
10:26 Double-Bit Axe
14:55 Wheelbarrow
18:10 Castle Age
17:14 Gold Mining
18:25 Bloodlines
18:07 Fletching
19:28 Bow Saw
19:21 Bodkin Arrow
22:57 Padded Archer Armor
26:25 Husbandry
29:58 Hand Cart
30:02 Town Watch
31:48 Ballistics
34:29 Imperial Age
32:13 Scale Barding Armor
32:18 Forging
32:44 Thumb Ring
31:59 Elite Skirmisher
33:06 Scale Mail Armor
33:29 Chain Barding Armor
33:18 Stone Mining
34:45 Leather Archer Armor
35:31 Iron Casting
35:16 Bracer
36:19 Chemistry
Connection lost

Rejoining the realm…

Still unreachable

The connection could not be restored.

Session expired

The server has moved on; the page needs a fresh start.